 Dungeon Crawl Stone Soup version 0.17-a0-1397-g0eee0a3 (webtiles) character file.

35 Fungus the Conjurer (level 3, -1/24 HPs)
             Began as a Mummy Conjurer on June 17, 2015.
             Was an Initiate of Gozag.
             Slain by an adder (2 damage)
             ... on level 2 of the Dungeon.
             The game lasted 00:05:18 (1622 turns).

Fungus the Conjurer (Mummy Conjurer)                Turns: 1622, Time: 00:05:18

Health: -1/24      AC:  2    Str: 16    XL:     3   Next: 16%
Magic:  3/7        EV: 17    Int: 15    God:    Gozag
Gold:   58         SH:  0    Dex: 17    Spells: 2 memorised, 5 levels left

rFire  x . .     SeeInvis .     c - +0 club
rCold  + . .     Clarity  .     a - +0 robe
rNeg   + + +     SustAt   .     (no shield)
rPois  ∞         Gourm    .     (no helmet)
rElec  .         Spirit   .     (no cloak)
rCorr  .         Warding  .     (no gloves)
rMut   .         Stasis   .     (no boots)
MR     .....                    (no amulet)
Stlth  +++.......               (no ring)
                                (no ring)

@: mighty, agile, not resistant to hostile enchantments, fairly stealthy
A: no food or potions, fire vulnerability, cold resistance 1, negative energy
resistance 3, torment resistance, unbreathing
a: Potion Petition, Call Merchant, Bribe Branch, Renounce Religion


You were on level 2 of the Dungeon.
You worshipped Gozag.
Gozag was noncommittal.
You were not hungry.

You visited 1 branch of the dungeon, and saw 2 of its levels.

You collected 76 gold pieces.
You paid 18 gold pieces to Gozag.

Inventory:

Hand weapons
 c - a +0 club (weapon)
Missiles
 e - 46 stones (quivered)
Armour
 a - a +0 robe (worn)
 f - a +0 buckler
Jewellery
 g - a cursed ring of loudness {unknown}
 j - an uncursed ring of protection from magic {unknown}
Scrolls
 d - a scroll of noise {unknown}
 h - a scroll of fog {unknown}
 i - a scroll of teleportation {unknown}
 k - a scroll of random uselessness {unknown}
 l - a scroll of identify {unknown}
Books
 b - a book of Conjurations

   Spells                             Type                      Level
   a - Magic Dart                     Conjuration                  1
   b - Searing Ray                    Conjuration                  2
   c - Dazzling Spray                 Conjuration/Hexes            3
   d - Fulminant Prism                Conjuration/Hexes            4
   e - Iskenderun's Mystic Blast      Conjuration                  4
   f - Iskenderun's Battlesphere      Conjuration/Charms           5


   Skills:
 - Level 1.5 Dodging
 - Level 1.5 Stealth
 + Level 3.0 Spellcasting
 + Level 3.6 Conjurations


You had 5 spell levels left.
You knew the following spells:

 Your Spells              Type           Power        Failure   Level  Hunger
s - Searing Ray           Conj           ##....       10%         2    N/A
M - Magic Dart            Conj           ##..         6%          1    N/A

Dungeon Overview and Level Annotations

Branches:
Dungeon (2/15)

Altars:
Elyvilon
Gozag


Innate Abilities, Weirdness & Mutations

You do not eat or drink.
Your flesh is vulnerable to fire.
You are immune to poison.
Your flesh is cold resistant.
You are immune to negative energy.
You are immune to unholy pain and torment.
You can survive without breathing.


Message History

The adder is almost dead.
The adder bites you. The adder closely misses you.
You closely miss the adder.
The adder is almost dead.
The adder closely misses you.
You completely miss the adder.
The adder is almost dead.
The adder bites you.
* * * LOW HITPOINT WARNING * * *
The adder bites you.
* * * LOW HITPOINT WARNING * * *
Use which ability? (? or * to list) [a] - 0 gold - resistance and agility [b] - 0 gold - might and agility [c] - 0 gold - resistance and agility Purchase which effect?
You feel very mighty all of a sudden.
You feel agile all of a sudden. The adder bites you.
You die...
Your body crumbles into a pile of gold.

#.# .# #.
###.###.###.###.#
..............#.#
.......####...#####
#......#≈≈...≈≈#..
#......#≈..♣..≈#.#
#.#.###S...)...........#
.......@.......♣._r♣...#
....###...............##
# ###.####≈..♣..≈## #.#
#≈≈...≈≈### #.#
###...###.. $ #.#
....#.#### #+# ###..#.#
$ #..#.#### #....##..


You could see an adder.

Vanquished Creatures
  A worm (D:2)
  A giant gecko (D:1)
  6 bats
  A giant cockroach (D:1)
  8 hobgoblins
  A giant newt (D:1)
  5 goblins
  A kobold (D:1)
  4 rats (D:1)
28 creatures vanquished.

Notes
Turn   | Place    | Note
--------------------------------------------------------------
     0 | D:1      | Fungus the Mummy Conjurer began the quest for the Orb.
     0 | D:1      | Reached XP level 1. HP: 13/13 MP: 3/3
   231 | D:1      | Reached XP level 2. HP: 19/19 MP: 1/5
  1274 | D:1      | Learned a level 2 spell: Searing Ray
  1294 | D:2      | Reached XP level 3. HP: 18/24 MP: 0/7
  1376 | D:2      | Found an opulent altar of Gozag.
  1381 | D:2      | Became a worshipper of Gozag Ym Sagoz the Greedy
  1592 | D:2      | Found a white marble altar of Elyvilon.
  1621 | D:2      | HP: 1/24 [adder (4)]
  1622 | D:2      | Slain by an adder

Vault maps used:
D:1:      dpeg_arrival_chambers_temple_mockup
D:2:      elyvilon_altar_4, nicolae_gozag_seed_capital, lemuel_round_altar,
          gammafunk_temple_overflow_wave

Action                   || total
-------------------------++-------
Melee: Unarmed           ||    19
       Club              ||    19
Throw: Stone             ||     4
 Cast: Magic Dart        ||    67
Invok: Potion Petition   ||     1
